AoeStats
← [RZ] HardZeeiRa-BR

Arabia

509715406Analyzed
1v1 RM · 5d ago on Sep 27, 2026· 50m 23s· 2 players
Game mode
Random Map
Map size
Tiny (2 player)
Population
200
Speed
Normal
Resources
Standard
Victory
Conquest
Starting age
Dark Age
Ending age
Imperial Age
RankedLock teamsTeams togetherTeam positionsShared explorationLock speedFull tech treeHidden civsTurbo modeCheats
Victory
Defeat
🇧🇷 Varangians · Brazil
1207
+16
🇺🇸 Mongols · United States
1206
-16
Dr Snarl
5:58 Loom
7:48 Feudal Age
19:58 Castle Age
19:17 Bloodlines
23:47 Horse Collar
23:59 Double-Bit Axe
27:32 Scale Barding Armor
30:57 Forging
31:33 Padded Archer Armor
31:26 Fletching
34:09 Bodkin Arrow
35:19 Ballistics
35:16 Leather Archer Armor
35:07 Husbandry
37:38 Thumb Ring
38:06 Bow Saw
38:00 Heavy Plow
39:06 Wheelbarrow
41:33 Hand Cart
43:57 Imperial Age
46:03 Chain Barding Armor
45:07 Heavy Camel Rider
46:41 Forging
48:16 Iron Casting
[RZ] HardZeeiRa-BR
7:21 Loom
9:34 Feudal Age
10:40 Double-Bit Axe
16:45 Bloodlines
20:06 Wheelbarrow
23:32 Castle Age
22:39 Forging
22:28 Horse Collar
22:57 Gold Mining
23:35 Scale Barding Armor
28:27 Bow Saw
28:32 Fletching
29:59 Iron Casting
29:55 Pikeman
34:21 Chain Barding Armor
41:18 Imperial Age
41:47 Ballistics
41:46 Vendel Legacy
42:08 Cavalier
44:35 Herbal Medicine
49:11 Chemistry
48:47 Bodkin Arrow
Connection lost

Rejoining the realm…

Still unreachable

The connection could not be restored.

Session expired

The server has moved on; the page needs a fresh start.